 Dungeon Crawl Stone Soup version 0.18.1-5-g4a78601 (webtiles) character file.

339 beholder the Digger (level 6, -7/32 HPs)
             Began as a Gargoyle Earth Elementalist on May 10, 2016.
             Was a Follower of Ru.
             Mangled by an ice beast (14 damage)
             ... on level 5 of the Dungeon.
             The game lasted 00:28:27 (4452 turns).

beholder the Digger (Gargoyle Earth Elementalist)   Turns: 4452, Time: 00:28:27

Health: -7/32      AC:  6    Str: 12    XL:     6   Next: 55%
Magic:  3/12       EV: 12    Int: 17    God:    Ru [*.....]
Gold:   153        SH:  0    Dex: 10    Spells: 4 memorised, 2 levels left

rFire  . . .     SeeInvis .     j - -1 mace (curse)
rCold  . . .     Gourm    .     a - +0 robe
rNeg   + . .     Faith    .     (no shield)
rPois  ∞         Spirit   .     (no helmet)
rElec  +         Dismiss  .     (no cloak)
rCorr  .         Reflect  .     (no gloves)
SustAt .         Harm     .     (no boots)
MR     .....                    (no amulet)
Stlth  ++........               (no ring)
                                y - ring of wizardry

@: not resistant to hostile enchantments, unstealthy
A: negative energy resistance 1, electricity resistance, unbreathing,
petrification resistance, rot immunity, hated by all, AC +4
a: Renounce Religion


You were on level 5 of the Dungeon.
You worshipped Ru.
Ru was aware of your devotion.
You were hungry.

You visited 1 branch of the dungeon, and saw 5 of its levels.

You collected 153 gold pieces.

Inventory:

Hand Weapons
 j - a cursed -1 mace (weapon)
Missiles
 b - 10 stones (quivered)
 l - 8 curare-tipped needles
Armour
 a - a +0 robe (worn)
 v - a +0 shield
Jewellery
 q - an uncursed ring of fire
 y - a ring of wizardry (left hand)
Wands
 o - a wand of iceblast (7/15)
 u - a wand of lightning (2/15)
 A - a wand of disintegration (4/24)
 C - a wand of enslavement (7/24)
Scrolls
 e - 2 scrolls of identify
 g - a scroll of fear
 i - 2 scrolls of enchant weapon
 m - a scroll of blinking {unknown}
 n - a scroll of amnesia {unknown}
 p - a scroll of immolation {unknown}
 w - a scroll of remove curse
 D - a scroll of fog {unknown}
Potions
 f - 2 potions of curing {unknown}
 k - a potion of haste {unknown}
 t - 2 potions of brilliance {unknown}
 x - a potion of lignification {unknown}
 B - a potion of ambrosia {unknown}
Books
 c - a book of Geomancy

   Spells                             Type                      Level
   a - Sandblast                      Earth                        1
   b - Passwall                       Transmutation/Earth          2
   c - Stone Arrow                    Conjuration/Earth            3
   d - Petrify                        Transmutation/Earth          4
   e - Lee's Rapid Deconstruction     Earth                        5
Comestibles
 d - 5 bread rations
 r - 4 meat rations


   Skills:
 - Level 1.5 Dodging
 - Level 2.1 Stealth
 + Level 4.0 Spellcasting
 + Level 3.6 Conjurations
 - Level 0.7 Transmutations
 + Level 5.7 Earth Magic


You had 2 spell levels left.
You knew the following spells:

 Your Spells              Type           Power        Failure   Level  Hunger
a - Sandblast             Erth           ###...       1%          1    None
b - Passwall              Trmt/Erth      ##........   4%          2    ##.....
c - Stone Arrow           Conj/Erth      ###...       4%          3    ###....
d - Lee's Rapid Deconstr  Erth           ###.......   21%         5    ######.


Dungeon Overview and Level Annotations

Branches:
Dungeon (5/15)
 Temple: D:4-7

Altars:
Ru

Annotations:
D:4 Uhlv's ghost, amateur DDFi


Innate Abilities, Weirdness & Mutations

You are resistant to torment.
Your stone body is resilient (AC +4).
You are immune to poison.
You resist negative energy.
You are resistant to electric shocks.
You can survive without breathing.
You are immune to petrification.
You are immune to rotting.
You are hated by all.


Message History

Nothing appears to happen.
You now have 0/12 mp.
The ice beast misses you.
Casting: Stone Arrow
Confirm with . or Enter, or press ? or * to list all spells.
Aiming: Stone Arrow
Press: ? - help, Shift-Dir - straight line, f/p - ice beast
Aim: an ice beast (severely wounded)
The stone arrow misses the ice beast.
You are starving!
The ice beast closely misses you.
You now have 0/12 mp.
Your magical contamination has completely faded away.
You don't have the energy to cast that spell.
Eat which item? (? for menu, Esc to quit)
You are feeling hungry.
The ice beast hits you.
* * * LOW HITPOINT WARNING * * *
The ice beast freezes you!
You die...

######...........#
#.###.######
#.###.#
#####.#...##
..........(#
.#####.##.# #.##.#
#.##.# #@##.#
#..#####Y##.#
.........##.#
............######
.#.#######).......
#.......<.
#..####### #..#
#..#


You could see an ice beast.

Vanquished Creatures
  A scorpion (D:4)
  An orc priest (D:4)
  An orc wizard (D:4)
  Ijyb (D:2)
  An iguana (D:4)
  2 worker ants (D:4)
  The ghost of M4edhros the Ruffian, a weakling VSTm (D:3)
  5 adders
  A worm (D:4)
  3 dart slugs
  A giant gecko (D:1)
  12 orcs
  2 giant cockroaches
  8 goblins
  8 hobgoblins
  A ball python (D:2)
  6 bats
  2 giant newts
  A jackal skeleton (D:4)
  4 kobolds
  5 rats
67 creatures vanquished.

Notes
Turn   | Place    | Note
--------------------------------------------------------------
     0 | D:1      | beholder the Gargoyle Earth Elementalist began the quest for the Orb.
     0 | D:1      | Reached XP level 1. HP: 10/10 MP: 3/3
   359 | D:1      | Reached skill level 4 in Earth Magic
   359 | D:1      | Reached XP level 2. HP: 10/15 MP: 3/5
   363 | D:1      | Learned a level 2 spell: Passwall
  1071 | D:1      | You fall through a shaft!
  1145 | D:2      | Reached XP level 3. HP: 19/19 MP: 5/7
  1150 | D:2      | Learned a level 3 spell: Stone Arrow
  1256 | D:2      | Reached skill level 1 in Conjurations
  1295 | D:2      | Found a sacrificial altar of Ru.
  1360 | D:2      | Noticed Ijyb
  1371 | D:2      | Killed Ijyb
  1371 | D:2      | Reached XP level 4. HP: 17/24 MP: 0/8
  1918 | D:2      | Became a worshipper of Ru the Awakened
  2122 | D:3      | Reached XP level 5. HP: 19/28 MP: 0/10
  2294 | D:3      | Noticed M4edhros's ghost (weakling VSTm)
  2297 | D:3      | Killed M4edhros's ghost
  2707 | D:4      | Reached skill level 5 in Earth Magic
  2715 | D:4      | Learned a level 5 spell: Lee's Rapid Deconstruction
  2956 | D:4      | Noticed Uhlv's ghost (amateur DDFi)
  3000 | D:4      | Reached XP level 6. HP: 30/32 MP: 11/11
  3003 | D:4      | Gained mutation: You are hated by all. [Ru sacrifice]
  3003 | D:4      | Reached * piety under Ru
  4166 | D:5      | Entered Level 5 of the Dungeon
  4351 | D:5      | Noticed an ice beast
  4452 | D:5      | Mangled by an ice beast

Skill      XL: |  1  2  3  4  5  6 |
---------------+-------------------+-----
Earth Magic    | 4 5 |  5.7
Conjurations   | 1 2 3 |  3.6
Spellcasting   | 3 4 |  4.0
Dodging        | |  1.5
Stealth        | |  2.1
Transmutations | |  0.7

Action                   |  1- 3 |  4- 6 || total
-------------------------+-------+-------++-------
Melee: Mace              |       |     4 ||     4
       Whip              |       |     3 ||     3
 Cast: Sandblast         |    34 |    71 ||   105
       Stone Arrow       |       |    10 ||    10
       Lee's Rapid Decon |       |     4 ||     4
Invok: Sacrifice Love    |       |     1 ||     1
Evoke: Wand              |     1 |     6 ||     7
  Use: Scroll            |       |     5 ||     5
  Eat: Chunk             |     2 |     9 ||    11
       Beef jerky        |       |     1 ||     1
Armor: Robe              |     1 |    29 ||    30
Dodge: Dodged            |    11 |    49 ||    60
